 Dungeon Crawl Stone Soup version 0.31-a0-925-g0a390f2509 (webtiles) character file.

Game seed: 16787035605309308219

53 Dittersdorf the Trooper (level 3, 0/24 HPs)
             Began as a Gargoyle Fighter on Oct 18, 2023.
             Slain by Terence
             ... wielding a +0 morningstar
              (8 damage)
             ... on level 1 of the Dungeon.
             The game lasted 00:01:33 (1452 turns).

Dittersdorf the Trooper (Gargoyle Fighter)          Turns: 1452, Time: 00:01:33

Health: 0/24       AC: 10    Str: 21    XL:     3   Next: 87%
Magic:  3/3        EV:  9    Int:  8    God:
Gold:   54         SH:  4    Dex:  9    Spells: 2/2 levels left

rFire   . . .        a - +0 flail
rCold   . . .        c - +0 buckler
rNeg    + . .        b - +0 scale mail
rPois   ∞            (no helmet)
rElec   +            (no cloak)
rCorr   .            (no gloves)
SInv    .            (no boots)
Will    .....        (no amulet) Stlth
                     h - ring of flight
HPRegen 0.24/turn    (no ring)
MPRegen 0.08/turn

%: no passive effects
@: flying
A: sickness immunity, AC +3, negative energy resistance 1, electricity
resistance, torment resistance 1, petrification resistance
a: no special abilities


You were on level 1 of the Dungeon.
You visited 1 branch of the dungeon, and saw 2 of its levels.

You collected 54 gold pieces.

Inventory:

Hand Weapons
 a - a +0 flail (weapon)
Armour
 b - a +0 scale mail (worn)
 c - a +0 buckler (worn)
 j - a +0 crystal plate armour
Jewellery
 h - a ring of flight (left hand)
Scrolls
 e - a scroll of enchant weapon {unknown}
 f - 3 scrolls of identify {unknown}
 g - 2 scrolls of butterflies {unknown}
 l - a scroll of fog {unknown}
Potions
 d - a potion of might
 i - a potion of enlightenment {unknown}
 k - a potion of heal wounds {unknown}


   Skills:
 + Level 3.9 Fighting
 + Level 2.5 Maces & Flails
 + Level 3.8 Armour
 + Level 3.8 Shields


You had 2 spell levels left.
You didn't know any spells.
Your spell library was empty.

Dungeon Overview and Level Annotations

Branches:
Dungeon (2/15)

Altars:

Annotations:
D:1 Terence


Innate Abilities, Weirdness & Mutations

You are immune to sickness and miasma.
Your stone body is resilient. (AC +3)
You are immune to poison.
You resist negative energy. (rN+)
You are resistant to electric shocks. (rElec)
You are resistant to unholy torment.
You are immune to petrification.


Message History

You are too injured to fight recklessly!
You are too injured to fight recklessly!
You are too injured to fight recklessly!
You are too injured to fight recklessly!
You are too injured to fight recklessly!
You are too injured to fight recklessly!
You are too injured to fight recklessly!
You are too injured to fight recklessly!
You are too injured to fight recklessly!
You are too injured to fight recklessly!
You are too injured to fight recklessly!
You are too injured to fight recklessly!
You completely miss Terence.
Terence is lightly wounded.
Terence hits you with a +0 morningstar.
* * * LOW HITPOINT WARNING * * *
Terence hits you but does no damage.
You hit Terence.
Terence is moderately wounded.
Terence misses you.
You hit Terence.
Terence is moderately wounded.
Terence hits you with a +0 morningstar.
* * * LOW HITPOINT WARNING * * *
You closely miss Terence.
Terence is moderately wounded.
Terence barely misses you.
You hit Terence but do no damage.
Terence is moderately wounded.
You block Terence's attack. x2
You barely miss Terence.
Terence is moderately wounded.
Terence hits you but does no damage.
You hit Terence but do no damage.
Terence is moderately wounded.
Terence hits you but does no damage.
You hit Terence but do no damage.
Terence is moderately wounded.
Terence hits you with a +0 morningstar!
You die...

##### ####...#############
...............@@..#
####.#.#.#######.#.#
.....#.#.#.....#.#.#
.###.#.#.#.###.#.#.########
.# ###.#.#.##.............#
.# ###.#.#.##..#.#.######.#
.#
#...#.#.##..#.#.#......####
##
#.###.#.......#.#.#.......#
#.# #.####.##.#.#.#.####.##


You could see Terence.

Vanquished Creatures
  A gnoll (D:1)
  A worm (D:2)
  2 endoplasms (D:1)
  2 giant cockroaches (D:1)
  3 goblins (D:1)
  6 hobgoblins
  2 jackals (D:2)
  3 kobolds (D:1)
  2 quokkas
  4 ball pythons (D:1)
  2 bats (D:1)
  5 frilled lizards
  8 rats
41 creatures vanquished.

Notes
Turn   | Place    | Note
-------+----------+-------------------------------------------
     0 | D:1      | Dittersdorf the Gargoyle Fighter began the quest for the
                  | Orb.
     0 | D:1      | Reached XP level 1. HP: 14/14 MP: 1/1
   187 | D:1      | Reached XP level 2. HP: 19/19 MP: 2/2
   374 | D:1      | Reached XP level 3. HP: 23/23 MP: 3/3
  1339 | D:2      | Noticed Terence
  1452 | D:1      | Slain by Terence

Illustrated notes

Levels and vault maps discovered:
D:1:      lightli_arrival_windingriver, layout_basic
D:2:      layout_basic, basic_altar, chequers_serial_rivers_micro_c,
          uniq_terence

Action                     || total
---------------------------++-------
  Melee: Flail             ||   162
 Armour: Scale mail        ||   138
  Dodge: Dodged            ||   105
  Block: Buckler           ||    48

Table legend: (Time is in decaauts)
 A = Elapsed time spent in this place.
 B = Non-inter-level travel time spent in this place.
 C = Inter-level travel time spent in this place.
 D = Time resting spent in this place.
 E = Time spent auto-exploring this place.
 F = Levels seen in this place.
 G = Mean time per level.
                   A        B        C        D        E       F      G
               +--------+--------+--------+--------+--------+-----+--------+
         Total |   1505 |   1491 |     14 |     26 |   1069 |   2 |  752.5 |
       Dungeon |   1505 |   1491 |     14 |     26 |   1069 |   2 |  752.5 |
               +--------+--------+--------+--------+--------+-----+--------+

Top non-repeatable levels by time:
     D:1: 1071 daAuts
     D:2: 434 daAuts
